 Dungeon Crawl Stone Soup version 0.29.1-15-g9cfb28693d (webtiles) character file.

Game seed: 9124075582397446708

8297 Hugehornet the Basher (level 11, -9/68 HPs)
             Began as a Gargoyle Fighter on Mar 20, 2023.
             Was a Priest of Elyvilon.
             Mangled by a skeletal warrior
             ... wielding a +1 vorpal battleaxe
              (17 damage)
             ... on level 9 of the Dungeon.
             The game lasted 00:32:50 (10741 turns).

Hugehornet the Basher (Gargoyle Fighter)           Turns: 10741, Time: 00:32:50

Health: -9/68      AC: 21    Str: 20    XL:     11   Next: 28%
Magic:  1/15       EV: 10    Int: 17    God:    Elyvilon [***...]
Gold:   626        SH: 11    Dex: 15    Spells: 12/16 levels left

rFire   . . .      SeeInvis +   a - +9 hammer "Fiaxt" {vorpal, rElec rPois Int+4}
rCold   . . .      Faith    .   c - +0 buckler
rNeg    + + .      Spirit   .   P - +2 acid dragon scales
rPois   ∞          Reflect  +   x - +0 helmet
rElec   +          Harm     .   l - +0 cloak
rCorr   +          Rampage  .   (no gloves)
Will    .....                   A - +0 pair of boots
Stlth   +.........              q - amulet of reflection
HPRegen 0.21/turn               j - +6 ring of dexterity
MPRegen 0.14/turn               n - ring of positive energy

@: no status effects
A: sickness immunity, AC +8, negative energy resistance 1, electricity
resistance, torment resistance 1, petrification resistance, see invisible, wild
magic 1, MP-powered wands
a: Renounce Religion, Purification, Heal Other, Heal Self


You were on level 9 of the Dungeon.
You worshipped Elyvilon.
Elyvilon was most pleased with you.
You visited 1 branch of the dungeon, and saw 9 of its levels.
You also visited: Ossuary and Bailey.

You collected 710 gold pieces.
You spent 84 gold pieces at shops.

Inventory:

Hand Weapons
 a - the +9 hammer "Fiaxt" (weapon) {vorpal, rElec rPois Int+4}
   (You found it on level 4 of the Dungeon)

   It inflicts extra damage upon your enemies.
   Int:       It affects your intelligence (+4).
   rElec:     It insulates you from electricity.
   rPois:     It protects you from poison.
 t - a +0 war axe
 G - a +3 trident of flaming
 R - a +0 arbalest
Missiles
 y - 2 javelins (quivered)
 Q - 3 silver javelins
 U - a curare-tipped dart
Armour
 c - a +0 buckler (worn)
 l - a +0 cloak (worn)
 x - a +0 helmet (worn)
 A - a +0 pair of boots (worn)
 H - a +0 chain mail
 P - +2 acid dragon scales (worn)
Jewellery
 j - a +6 ring of dexterity (left hand)
 n - a ring of positive energy (right hand)
 q - an amulet of reflection (around neck)
 s - a ring of positive energy
 M - a ring of willpower
 X - an amulet of magic regeneration
Wands
 d - a wand of flame (9)
 m - a wand of iceblast (12)
 F - a wand of mindburst (7)
 I - a wand of charming (14)
 T - a wand of polymorph (8)
 W - a wand of acid (7)
Scrolls
 b - a scroll of identify
 g - a scroll of enchant weapon {unknown}
 h - 4 scrolls of teleportation
 i - 4 scrolls of immolation {unknown}
 k - 3 scrolls of poison
 o - 4 scrolls of butterflies {unknown}
 u - 3 scrolls of fear {unknown}
 v - 2 scrolls of amnesia {unknown}
 w - 3 scrolls of noise {unknown}
 z - 2 scrolls of enchant armour {unknown}
 B - 2 scrolls of summoning
 C - a scroll of acquirement {unknown}
 D - a scroll of magic mapping {unknown}
 E - 2 scrolls of blinking {unknown}
 K - 2 scrolls of vulnerability
 V - a scroll of torment {unknown}
Potions
 e - a potion of attraction {unknown}
 f - a potion of berserk rage {unknown}
 p - 3 potions of curing
 r - 3 potions of flight
 J - 2 potions of lignification
 L - 3 potions of brilliance
 N - a potion of magic {unknown}
 O - a potion of resistance {unknown}
 S - a potion of cancellation {unknown}


   Skills:
 - Level 8.0 Fighting
 * Level 12.8 Maces & Flails
 - Level 6.7 Armour
 - Level 6.8 Shields
 - Level 3.0 Spellcasting
 - Level 3.0 Conjurations
 - Level 3.4 Invocations


You had 12 spell levels left.
You knew the following spells:

 Your Spells              Type           Power      Damage    Failure   Level
a - Magic Dart            Conj           64%        1d6       13%         1
b - Blink                 Tloc           6%         N/A       47%         2
c - Foxfire               Conj/Fire      36%        2x1d5     22%         1

Your spell library contained the following spells:

 Spells                   Type           Power      Damage    Failure   Level
 Searing Ray              Conj           32%        2d5       17%         2
 Static Discharge         Conj/Air       9%         3-5/arc   30%         2
 Sting                    Tmut/Pois      12%        1d3       36%         1
 Poisonous Vapours        Pois/Air       6%         N/A       47%         2
 Conjure Flame            Conj/Fire      9%         6-21      50%         3
 Inner Flame              Hex/Fire       3%         N/A       71%         3
 Lesser Beckoning         Tloc           3%         N/A       71%         3
 Summon Guardian Golem    Hex/Summ       3%         N/A       71%         3
 Flame Wave               Conj/Fire      9%         2d6       88%         4
 Fulminant Prism          Conj/Hex       4%         3d6       88%         4
 Olgreb's Toxic Radiance  Pois           3%         N/A       97%         4
 Manifold Assault         Tloc           3%         N/A       100%        5
 Silence                  Hex/Air        1%         N/A       100%        5
 Eringya's Noxious Bog    Tmut/Pois      1%         N/A       100%        6
 Orb of Destruction       Conj           8%         9d6       100%        7
 Spellforged Servitor     Conj/Summ      4%         N/A       100%        7


Dungeon Overview and Level Annotations

Branches:
Dungeon (9/15)             Temple (0/1) D:7            Lair (0/5) D:9
Ossuary (visited)          Bailey (visited)
    Orc: D:9-12

Altars:
Cheibriados
Dithmenos
Elyvilon
Fedhas
Hepliaklqana
Makhleb
Qazlal
Vehumet
Wu Jian
Xom
The Shining One

Shops:
D:5 (((   D:7 *

Annotations:
D:9 4 transporters


Innate Abilities, Weirdness & Mutations

You are immune to sickness and miasma.
Your stone body is resilient. (AC +8)
You are immune to poison.
You resist negative energy. (rN+)
You are resistant to electric shocks. (rElec)
You are resistant to unholy torment.
You are immune to petrification.
You have supernaturally acute eyesight. (SInv)
Your spells are a little harder to cast, but a little more powerful.
You expend magic power (3 MP) to strengthen your wands.


Message History

The skeletal warrior is severely damaged.
The skeletal warrior hits you with a +0 broad axe!
The skeletal warrior hits you but does no damage.
You block the skeletal warrior's attack.
The skeletal warrior hits you but does no damage.
You sock the skeletal warrior!
The skeletal warrior is almost destroyed.
The skeletal warrior hits you with a +0 broad axe.
You block the skeletal warrior's attack.
The skeletal warrior hits you from afar with a +0 halberd.
The skeletal warrior hits you but does no damage.
You are healed.
You block the skeletal warrior's attack.
The skeletal warrior hits you from afar with a +0 halberd!!
The skeletal warrior hits you with a +0 broad axe!
* * * LOW HITPOINT WARNING * * *
You block the skeletal warrior's attack.
You are healed.
You block the skeletal warrior's attack. x2
The skeletal warrior hits you with a +0 broad axe.
The skeletal warrior hits you with a +1 vorpal battleaxe!!
* * * LOW HITPOINT WARNING * * *
x2 You don't have enough magic at the moment.
You hit the skeletal warrior.
The skeletal warrior is almost destroyed.
You feel better.
You block the skeletal warrior's attack.
The skeletal warrior hits you but does no damage. x3
You feel better.
You feel less wooden.
Your +0 cloak unmelds from your body.
Your +0 helmet unmelds from your body.
Your +0 pair of boots unmelds from your body.
Your +2 acid dragon scales unmelds from your body.
You block the skeletal warrior's attack.
The skeletal warrior hits you with a +0 hand axe!
* * * LOW HITPOINT WARNING * * *
The skeletal warrior hits you from afar with a +0 halberd.
* * * LOW HITPOINT WARNING * * *
The skeletal warrior hits you with a +1 vorpal battleaxe!
You die...

..................#.'....#......
#.#.#.#.#.#.#....#.##.._#......
...............#.###.##.#...P
.#.#.#.#.#...#.#.###..#....
.......))###.#......#....
#.#.#.#.#....# ## #.))...
.........F....###..###))..
#.#.#.#.#.#z#...............
.z...(....zz@z...............
.#.#.#.#.#.#.#..#.............
........§....###.............
.#.#.#.#.#.#.# #.............
............## .........####
.#.#.#.#.#.#.## .......
................ ......
#.#.#.#.#.#...... ######
................


You could see 4 skeletal warriors and a bullfrog.

Vanquished Creatures
  A two-headed ogre (Bailey)
  A skeletal warrior (D:9)
  Maggie (D:9)
  4 spriggans (Bailey)
  3 wraiths
  11 yaks
  A wyvern (D:9)
  A steam dragon (Bailey)
  An acid dragon (D:8)
  A water moccasin (D:5)
  An ice beast (D:7)
  3 black bears
  6 ogres (Bailey)
  7 orc warriors
  2 centaurs
  A phantom (D:5)
  Blork the orc (D:6)
  A kobold brigand (D:9)
  2 bullfrogs (D:9)
  A gnoll sergeant (D:8)
  3 scorpions
  3 wights (Ossuary)
  3 howler monkeys
  A crimson imp (D:9)
  A jelly (D:5)
  8 orc priests
  3 hounds
  Crazy Yiuf (D:4)
  A gnoll bouda (D:7)
  4 iguanas
  13 orc wizards
  9 gnolls
  8 adders
  2 shadow imps
  A white imp (D:7)
  2 worms (D:2)
  2 dart slugs
  37 orcs
  13 ball pythons
  2 bats
  5 endoplasms
  3 giant cockroaches
  4 hobgoblins
  4 jackals (D:2)
  5 quokkas
  4 frilled lizards
  4 goblins
  3 hobgoblin skeletons (Ossuary)
  14 kobolds
  A kobold zombie (Ossuary)
  5 orc zombies (Ossuary)
  2 rats
221 creatures vanquished.

Vanquished Creatures (others)
  3 foxfires
  11 fungi
  16 plants
30 creatures vanquished.

Grand Total: 251 creatures vanquished

Notes
Turn   | Place    | Note
-------+----------+-------------------------------------------
     0 | D:1      | Hugehornet the Gargoyle Fighter began the quest for the
                  | Orb.
     0 | D:1      | Reached XP level 1. HP: 14/14 MP: 1/1
   547 | D:1      | Reached XP level 2. HP: 17/19 MP: 2/2
   758 | D:1      | Learned a level 1 spell: Magic Dart
   976 | D:2      | Reached XP level 3. HP: 13/23 MP: 3/3
  1497 | D:2      | Found a faded altar of an unknown god.
  1837 | D:2      | Reached skill level 1 in Conjurations
  1837 | D:2      | Reached XP level 4. HP: 28/28 MP: 3/5
  2687 | D:3      | Found a white marble altar of Elyvilon.
  2747 | D:3      | Found a blossoming altar of Fedhas.
  2980 | D:3      | Found an ornate altar of the Wu Jian Council.
  3060 | D:3      | Found a glowing golden altar of the Shining One.
  3113 | D:3      | Became a worshipper of Elyvilon the Healer
  3428 | D:4      | Found a sand-covered staircase.
  3511 | Ossuary  | Entered an ossuary
  3523 | Ossuary  | Gained mutation: Your spells are a little harder to cast,
                  | but a little more powerful. [potion of mutation]
  3523 | Ossuary  | Gained mutation: Your spells are harder to cast, but more
                  | powerful. [potion of mutation]
  3523 | Ossuary  | Gained mutation: You have supernaturally acute eyesight.
                  | (SInv) [potion of mutation]
  3581 | Ossuary  | Reached skill level 3 in Maces & Flails
  3581 | Ossuary  | Reached skill level 1 in Spellcasting
  3581 | Ossuary  | Reached XP level 5. HP: 14/32 MP: 6/6
  3834 | Ossuary  | Noticed a flying skull
  3834 | Ossuary  | Noticed a wraith
  3841 | Ossuary  | Noticed a flying skull
  3869 | Ossuary  | Noticed a flying skull
  3870 | Ossuary  | Noticed a flying skull
  3887 | Ossuary  | Reached skill level 1 in Invocations
  3919 | Ossuary  | Reached XP level 6. HP: 20/37 MP: 6/8
  4086 | Ossuary  | Noticed a wraith
  4094 | Ossuary  | Killed a wraith
  4095 | Ossuary  | Reached skill level 5 in Shields
  4273 | Ossuary  | Noticed a wraith
  4300 | Ossuary  | Killed a wraith
  4301 | Ossuary  | Reached skill level 4 in Maces & Flails
  4301 | Ossuary  | Reached skill level 5 in Armour
  4301 | Ossuary  | Reached XP level 7. HP: 21/41 MP: 8/10
  4597 | D:4      | Reached * piety under Elyvilon
  4639 | D:4      | Identified the +9 hammer "Fiaxt" {vorpal, rElec rPois
                  | Int+4}
  4730 | D:4      | Found a stormy altar of Qazlal.
  4978 | D:4      | Found a runed translucent door.
  4979 | D:4      | Noticed Crazy Yiuf
  4985 | D:4      | Killed Crazy Yiuf
  5043 | D:5      | Entered Level 5 of the Dungeon
  5043 | D:5      | Found Plog's Weapon Boutique.
  5142 | D:5      | Found Geviecs's Weapon Boutique.
  5342 | D:5      | Reached ** piety under Elyvilon
  5367 | D:5      | Reached XP level 8. HP: 38/46 MP: 11/11
  5545 | D:5      | Reached skill level 5 in Maces & Flails
  5815 | D:5      | Found Ecroteto's Assorted Antiques.
  5824 | D:5      | Found Irchurees's Weapon Emporium.
  6049 | D:6      | Found a shadowy altar of Dithmenos.
  6065 | D:6      | Noticed Blork the orc
  6074 | D:6      | Killed Blork the orc
  6274 | D:6      | Learned a level 2 spell: Blink
  6462 | D:6      | Got Senufumy's Incunable of Poisoning and the Birds
  6552 | D:6      | Reached *** piety under Elyvilon
  6690 | D:6      | Reached skill level 6 in Maces & Flails
  6690 | D:6      | Reached XP level 9. HP: 51/51 MP: 13/13
  6836 | D:7      | Found a staircase to the Ecumenical Temple.
  7112 | D:7      | Found Qedoumm's General Store.
  7121 | D:7      | Bought a scroll of vulnerability for 48 gold pieces
  7121 | D:7      | Bought a scroll of teleportation for 36 gold pieces
  7353 | D:7      | Reached skill level 7 in Maces & Flails
  7401 | D:8      | Found a flagged portal.
  7417 | D:8      | Reached **** piety under Elyvilon
  7642 | Bailey   | Entered a bailey
  7802 | Bailey   | Reached skill level 8 in Maces & Flails
  7816 | Bailey   | Reached skill level 9 in Maces & Flails
  8210 | Bailey   | Noticed a two-headed ogre
  8229 | Bailey   | Killed a two-headed ogre
  8230 | Bailey   | Reached XP level 10. HP: 41/61 MP: 14/14
  8734 | D:8      | Reached skill level 10 in Maces & Flails
  8876 | D:7      | Learned a level 1 spell: Foxfire
  9425 | D:8      | Found a shimmering altar of Xom.
  9482 | D:8      | Lost mutation: Your spells are harder to cast, but more
                  | powerful. [potion of mutation]
  9482 | D:8      | Lost mutation: Your spells are a little harder to cast, but
                  | a little more powerful. [potion of mutation]
  9482 | D:8      | Gained mutation: Your spells are a little harder to cast,
                  | but a little more powerful. [potion of mutation]
  9482 | D:8      | Gained mutation: You expend magic power (3 MP) to
                  | strengthen your wands. [potion of mutation]
  9740 | D:8      | Reached skill level 11 in Maces & Flails
  9841 | D:9      | Found a transporter.
  9848 | D:9      | Found a transporter.
  9870 | D:9      | Found a transporter.
  9877 | D:9      | Found a snail-covered altar of Cheibriados.
  9911 | D:9      | Noticed a skeletal warrior
  9934 | D:9      | Killed a skeletal warrior
  9935 | D:9      | Reached XP level 11. HP: 49/68 MP: 15/15
 10006 | D:9      | Found a hazy altar of Hepliaklqana.
 10010 | D:9      | Reached skill level 12 in Maces & Flails
 10164 | D:9      | Found a transporter.
 10516 | D:9      | Found a staircase to the Lair.
 10643 | D:9      | Found a burning altar of Makhleb.
 10644 | D:9      | Found a radiant altar of Vehumet.
 10701 | D:9      | Noticed Maggie
 10703 | D:9      | Noticed a skeletal warrior
 10712 | D:9      | Noticed a skeletal warrior
 10716 | D:9      | Noticed a skeletal warrior
 10717 | D:9      | Noticed a skeletal warrior
 10718 | D:9      | Killed Maggie
 10741 | D:9      | Mangled by a skeletal warrior

Illustrated notes

Levels and vault maps discovered:
D:1:      dpeg_cavernosity, layout_basic
D:2:      cheibrodos_old_hovel, layout_basic, chequers_ecumenical_altar_island
D:3:      layout_basic, mainiacjoe_overflow_alcove_4, elyvilon_altar_5,
          lemuel_coloured_pillars_altar, mainiacjoe_overflow_catwalk,
          minmay_surrounded
D:4:      layout_loops_ring, nicolae_qazlal_eye_of_the_storm,
          nicolae_ossuary_entry_monument, uniq_crazy_yiuf_cottage
D:5:      minmay_recursive_quarters, layout_loops_ring, serial_shops,
          nicolae_shop_statue_plus, nicolae_stop_n_shop_2,
          nicolae_shop_bloodbath_and_beyond, kennysheep_little_box
D:6:      layout_loops_ring, general_overflow_altar, uniq_blork_the_orc
D:7:      layout_basic, temple_pool_b, serial_shops, shop
D:8:      layout_basic, old_standard_altar, enter_bailey_2,
          kennysheep_generic_room_6
D:9:      layout_irregular_city, amcnicky_altar_gilded, cheibriados_altar_1,
          grunt_temple_overflow_lords_of_destruction,
          grunt_lair_entry_orc_guard_hut, hex_large,
          nicolae_transporter_intersection, uniq_maggie

Skill      XL: |  1  2  3  4  5  6  7  8  9 10 11 |
---------------+----------------------------------+-----
Shields        | 4 5 6 |  6.8
Conjurations   | 1 2 3 |  3.0
Armour         | 4 5 6 |  6.7
Maces & Flails | 3 4 6 9 11 12 | 12.8
Spellcasting   | 1 2 3 |  3.0
Invocations    | 1 2 3 |  3.4
Fighting       | 6 8 |  8.0

Action                   |  1- 3 |  4- 6 |  7- 9 | 10-12 || total
-------------------------+-------+-------+-------+-------++-------
Melee: Flail             |   116 |   151 |       |       ||   267
       Morningstar       |       |    30 |     7 |       ||    37
       Mace              |       |       |   225 |   258 ||   483
Throw: Javelin           |       |       |       |     7 ||     7
 Cast: Foxfire           |       |       |       |     2 ||     2
Invok: Heal Self         |       |       |       |    11 ||    11
  Use: Scroll            |       |     5 |     5 |     1 ||    11
       Potion            |       |     7 |     5 |     6 ||    18
Armor: Scale mail        |    53 |    48 |     2 |       ||   103
       Chain mail        |       |       |   130 |     7 ||   137
       Acid dragon scale |       |       |       |    57 ||    57
       Skin              |       |       |       |    23 ||    23
Dodge: Dodged            |    71 |    56 |    63 |    65 ||   255
Block: Buckler           |    23 |   104 |   115 |   124 ||   366
       Reflection        |       |     3 |     4 |     2 ||     9
